 Dungeon Crawl Stone Soup version 0.30.1-9-gdf580d7c3d (webtiles) character file.

Game seed: 13680914619809635307

11355 Zalbag the Blocker (level 12, -3/78 (82) HPs)
             Began as a Djinni Fire Elementalist on Oct 25, 2023.
             Was a Priest of Makhleb.
             Slain by a wraith (10 damage)
             ... led by Josephine
             ... on level 10 of the Dungeon.
             The game lasted 00:37:57 (10926 turns).

Zalbag the Blocker (Djinni Fire Elementalist)      Turns: 10926, Time: 00:37:58

HP:   -3/78 (82)    AC:  8    Str:  7    XL:     12   Next: 6%
Gold: 160           EV: 14    Int: 27    God:    Makhleb [***...] SH: 16 Dex: 21

rFire   + + .        G - +1 dagger (protect)
rCold   x . .        z - +2 kite shield {rN+}
rNeg    + . .        J - +0 steam dragon scales
rPois   ∞            o - +0 helmet
rElec   .            (no cloak)
rCorr   .            x - +1 pair of gloves
SInv    .            (boots unavailable)
Will    +....        f - amulet of the acrobat
Stlth   ++           d - +6 ring of dexterity
HPRegen 0.33/turn    K - +6 ring of intelligence
MPRegen 0.00/turn

%: acrobat, infuse magic (-4 HP)
@: flying, studying Shields, lightly drained
A: sickness immunity, fire resistance 2, cold vulnerability 1, float, innate
caster, HP casting, extra vitality 1
a: Renounce Religion, Minor Destruction, Lesser Servant of Makhleb


You were on level 10 of the Dungeon.
You worshipped Makhleb.
Makhleb was most pleased with you.
You visited 2 branches of the dungeon, and saw 12 of its levels.

You collected 580 gold pieces.
You spent 420 gold pieces at shops.

Inventory:

Hand Weapons
 k - a +2 dagger of venom
 E - the +5 sling of Obsession {speed, rN+ Will+}
   (You found it on level 4 of the Dungeon)

   rN:        It protects you from negative energy.
   Will:      It increases your willpower.
 F - a +5 short sword of freezing
 G - a +1 dagger of protection (weapon)
Missiles
 q - 9 boomerangs
 D - 5 throwing nets
 M - 4 javelins
 O - 9 poisoned darts (quivered)
Armour
 o - a +0 helmet (worn)
 x - a +1 pair of gloves (worn)
 z - a +2 kite shield of positive energy (worn)
 J - +0 steam dragon scales (worn)
Jewellery
 a - a +4 ring of protection
 d - a +6 ring of dexterity (left hand)
 f - an amulet of the acrobat (around neck)
 K - a +6 ring of intelligence (right hand)
 L - a ring of ice
Wands
 s - a wand of light (7)
 v - a wand of charming (2)
 C - a wand of iceblast (18)
 H - a wand of flame (17)
Scrolls
 b - a scroll of noise {unknown}
 e - 2 scrolls of blinking {unknown}
 g - 2 scrolls of identify
 h - 6 scrolls of teleportation
 i - 2 scrolls of enchant weapon {unknown}
 j - 2 scrolls of magic mapping {unknown}
 r - 2 scrolls of vulnerability
 u - 2 scrolls of fog {unknown}
 y - a scroll of enchant armour {unknown}
 A - a scroll of poison {unknown}
 P - a scroll of immolation {unknown}
Potions
 c - 3 potions of attraction
 l - a potion of heal wounds
 m - 3 potions of lignification {unknown}
 n - 3 potions of brilliance
 p - a potion of cancellation {unknown}
 w - 5 potions of curing
 B - 3 potions of might
 I - a potion of ambrosia
 Q - a potion of resistance


   Skills:
 + Level 5.9 Fighting
 - Level 1.3 Armour
 - Level 5.1 Dodging
 - Level 2.2 Stealth
 + Level 14.5 Shields
 + Level 9.2 Spellcasting


You knew the following spells:

 Your Spells              Type           Power      Damage    Failure   Level
a - Foxfire               Conj/Fire      100%       2x1d9     1%          1
b - Scorch                Fire           100%       2d9       1%          2
c - Volatile Blastmotes   Fire/Tloc      100%       2d18      1%          3
d - Inner Flame           Hex/Fire       58%        N/A       1%          3
e - Flame Wave            Conj/Fire      58%        2d14      2%          4
f - Slow                  Hex            100%       N/A       1%          1
g - Static Discharge      Conj/Air       100%       2-7/arc   1%          2
h - Dazzling Flash        Conj/Hex       100%       N/A       1%          3
i - Gell's Gravitas       Tloc           58%        N/A       1%          3
j - Cause Fear            Hex            29%        N/A       2%          4
Your spell library was empty.

Dungeon Overview and Level Annotations

Branches:
Dungeon (11/15)            Temple (1/1) D:5
   Lair: D:8-11         Orc: D:9-12

Altars:
Ashenzari
Cheibriados
Dithmenos
Elyvilon
Fedhas
Gozag
Hepliaklqana
Makhleb
Nemelex Xobeh
Okawaru
Qazlal
Ru
Trog
Uskayaw
Wu Jian
Xom
Yredelemnul
Zin
The Shining One

Shops:
D:2 !=:(

Annotations:
D:10 Josephine


Innate Abilities, Weirdness & Mutations

You are immune to sickness and miasma.
You are immune to poison.
Your flesh is very heat resistant. (rF++)
You are vulnerable to cold. (rC-)
You float through the air rather than walking.
You learn spells naturally, not from books.
Your magical power is your life essence.
You have superior vitality. (+4 MHP)


Message History

Josephine hits you with a +3 dagger of speed!
You block the wraith's attack.
Unknown command.
Unknown command.
Casting: Scorch (safe; 1% risk of failure)
Confirm with . or Enter, or press ? or * to list all spells.
Flames lash Josephine.
Josephine is burned terribly!
Josephine is moderately wounded.
Josephine barely misses you. The wraith hits you. You block Josephine's attack.
Unknown command.
Okay, then.
You feel much better.
Josephine hits you with a +3 dagger of speed.
The wraith hits you!
Unknown command.
Casting: Scorch (safe; 1% risk of failure)
Confirm with . or Enter, or press ? or * to list all spells.
Flames lash the wraith but do no damage.
Josephine gestures at you while chanting.
The ghostly flame explodes!
The ghostly fireball engulfs you! You partially resist.
You feel drained.
* * * LOW HITPOINT WARNING * * *
The ghostly fireball engulfs the wraith.
The wraith completely resists.
The ghostly fireball engulfs Josephine.
Josephine completely resists.
You block the wraith's attack.
Unknown command.
Casting: Scorch (safe; 1% risk of failure)
Confirm with . or Enter, or press ? or * to list all spells.
You don't know that spell.
Casting: Scorch (safe; 1% risk of failure)
Confirm with . or Enter, or press ? or * to list all spells.
Flames lash the wraith.
The wraith is burned terribly!
The wraith is almost destroyed.
* * * LOW HITPOINT WARNING * * *
Josephine hits you with a +3 dagger of speed!
* * * LOW HITPOINT WARNING * * *
Josephine hits you with a +3 dagger of speed.
* * * LOW HITPOINT WARNING * * *
The wraith hits you!
You die...

####### # # #.....# # ##
#W###.####### # .# #@#
#.......######
.###############@###.#####......†
..............##.....# ########
#############.####.### # #
#######<####.########## #
#.....................### #
#.#####.####............# # #.#
#............##.#.# # #######.#
######.#####.##.#.###


You could see Josephine (combustible) and a wraith (combustible).

Vanquished Creatures
  A catoblepas (D:9)
  Pikel (D:5)
  A troll (D:9)
  Grinder (D:5)
  A hornet (D:10)
  Sigmund (D:4)
  2 wraiths (D:10)
  3 vampires
  12 yaks
  3 steam dragons
  2 water moccasins
  3 orc warriors (D:7)
  2 ice beasts
  A hornet zombie (D:7)
  An ogre (D:4)
  A black bear (D:5)
  3 centaurs
  2 phantoms
  2 kobold brigands
  3 bullfrogs
  2 scorpions
  A wyvern zombie (D:7)
  10 wights
  11 killer bees
  2 howler monkeys (D:7)
  A bullfrog zombie (D:7)
  8 centaur zombies (D:7)
  A hound (D:6)
  2 gnoll boudas (D:7)
  8 orc priests
  2 sleepcaps
  3 iguanas
  6 orc wizards
  3 killer bee zombies (D:7)
  Robin (D:3)
  18 gnolls
  3 howler monkey zombies (D:7)
  10 adders
  2 worms (D:3)
  3 dart slugs
  38 orcs
  6 endoplasms
  4 giant cockroaches
  15 goblins
  8 hobgoblins
  4 jackals (D:1)
  3 quokkas
  6 ball pythons
  8 bats
  3 frilled lizards
  19 kobolds
  6 rats
263 creatures vanquished.

Vanquished Creatures (collateral kills)
  A lemure (D:5)
1 creature vanquished.

Vanquished Creatures (others)
  2 orcs
  227 foxfires
229 creatures vanquished.

Grand Total: 493 creatures vanquished

Notes
Turn   | Place    | Note
-------+----------+-------------------------------------------
     0 | D:1      | Zalbag the Djinni Fire Elementalist began the quest for the
                  | Orb.
     0 | D:1      | Zalbag set off with the following spells memorised:
                  | Foxfire, Scorch, Volatile Blastmotes, Inner Flame, Flame
                  | Wave.
     0 | D:1      | Reached XP level 1. HP: 15/15 MP: 0/0
    84 | D:1      | Reached XP level 2. HP: 17/22 MP: 0/0
   156 | D:1      | Reached skill level 1 in Fighting
   291 | D:2      | Reached XP level 3. HP: 25/27 MP: 0/0
   291 | D:2      | Learned a level 1 spell: Slow
   794 | D:2      | Reached XP level 4. HP: 21/33 MP: 0/0
   931 | D:2      | Found Sazoil's Weapon Shop.
   989 | D:2      | Found Onuikhucw's Jewellery Emporium.
  1195 | D:2      | Found Zovoilip's Distillery.
  1220 | D:2      | Bought a potion of heal wounds for 70 gold pieces
  1239 | D:2      | Found Gotef's Book Emporium.
  1571 | D:3      | Noticed Robin
  1576 | D:3      | Reached XP level 5. HP: 35/38 MP: 0/0
  1576 | D:3      | Learned a level 2 spell: Static Discharge
  1630 | D:3      | Killed Robin
  1750 | D:3      | Reached XP level 6. HP: 26/43 MP: 0/0
  1838 | D:3      | You are sucked into a shaft and drop 3 floors!
  1855 | D:6      | Found a stormy altar of Qazlal.
  1861 | D:6      | Noticed an ice beast
  2135 | D:5      | Entered Level 5 of the Dungeon
  2150 | D:5      | Noticed Grinder
  2216 | D:5      | Found a staircase to the Ecumenical Temple.
  2222 | Temple   | Entered the Ecumenical Temple
  2450 | D:5      | Killed Grinder
  2451 | D:5      | Reached skill level 5 in Spellcasting
  2451 | D:5      | Reached XP level 7. HP: 41/50 MP: 0/0
  2451 | D:5      | Learned a level 3 spell: Dazzling Flash
  2571 | D:4      | Reached XP level 8. HP: 37/58 MP: 0/0
  2762 | D:3      | Found an opulent altar of Gozag.
  2764 | D:3      | Found a burning altar of Makhleb.
  3069 | D:3      | Found a hazy altar of Hepliaklqana.
  3069 | D:3      | Found a glowing golden altar of the Shining One.
  3083 | D:3      | Found an iron altar of Okawaru.
  3268 | D:4      | Noticed Sigmund
  3271 | D:4      | Killed Sigmund
  3354 | D:4      | Identified the +5 sling of Obsession {speed, rN+ Will+}
  3871 | D:3      | Became a worshipper of Makhleb the Destroyer
  3974 | D:5      | Reached skill level 1 in Shields
  4127 | D:5      | Noticed Pikel
  4139 | D:5      | Killed Pikel
  4140 | D:5      | Reached skill level 5 in Dodging
  4140 | D:5      | Reached skill level 2 in Shields
  4140 | D:5      | Reached XP level 9. HP: 56/62 MP: 0/0
  4140 | D:5      | Learned a level 3 spell: Gell's Gravitas
  4207 | D:5      | Found a shadowy altar of Dithmenos.
  4360 | D:6      | Reached skill level 3 in Shields
  5235 | D:7      | Reached skill level 5 in Fighting
  5267 | D:6      | Identified 2 scrolls of acquirement
  5270 | D:6      | Reached skill level 12 in Shields
  5270 | D:6      | Reached XP level 10. HP: 70/70 MP: 0/0
  5276 | D:6      | Acquired a manual of Shields
  5280 | D:6      | Acquired an amulet of the acrobat
  5357 | D:7      | Reached * piety under Makhleb
  5498 | D:6      | Reached skill level 1 in Armour
  5771 | D:7      | Reached XP level 11. HP: 55/75 MP: 0/0
  5771 | D:7      | Learned a level 4 spell: Cause Fear
  6143 | D:7      | Reached ** piety under Makhleb
  7452 | D:8      | Reached skill level 13 in Shields
  7505 | D:8      | Found a sacrificial altar of Ru.
  7542 | D:8      | Reached *** piety under Makhleb
  7983 | D:9      | Noticed a catoblepas
  8925 | D:9      | Killed a catoblepas
  8926 | D:9      | Reached skill level 14 in Shields
  9658 | D:2      | Bought a potion of resistance for 140 gold pieces
  9658 | D:2      | Bought a potion of curing for 42 gold pieces
  9658 | D:2      | Bought a potion of brilliance for 56 gold pieces
  9658 | D:2      | Bought a potion of heal wounds for 70 gold pieces
  9658 | D:2      | Bought a potion of curing for 42 gold pieces
  9806 | D:10     | Entered Level 10 of the Dungeon
 10096 | D:10     | Identified the +6 falchion "Ocweid" {antimagic, Will++
                  | rCorr}
 10292 | D:10     | Reached XP level 12. HP: 70/82 MP: 0/0
 10441 | D:10     | Found a white marble altar of Elyvilon.
 10913 | D:11     | Noticed Josephine
 10926 | D:10     | Slain by a wraith

Illustrated notes

Levels and vault maps discovered:
D:1:      dpeg_arrival_simpleton_c, layout_rooms
D:2:      layout_loops_cross, serial_shops, nicolae_shop_trees, shop_fountains,
          nicolae_shop_peninsula, nicolae_shop_just_a_little_nook
D:3:      layout_loops_ring, mainiacjoe_overflow_cross_hatched,
          nicolae_overflow_hidden_temple, uniq_robin
D:4:      layout_loops_ring, amcnicky_mini_corridor_feature, grunt_ministairs_1,
          uniq_sigmund
D:5:      layout_gridville, nicolae_dithmenos_the_darkroom,
          minmay_temple_entry_enclosed_plants, roderic_three_in_a_row,
          uniq_grinder, uniq_pikel
D:6:      layout_rooms, grunt_qazlal_clouds, kennysheep_donut, feat_on_display
D:7:      layout_cave_pools, serial_undead, serial_undead_a, serial_undead_b,
          serial_undead_f, serial_undead_d, serial_undead_e, serial_undead_c,
          serial_undead_d
D:8:      layout_loops_cross, nicolae_ru_great_annihilating_truth,
          kennysheep_cross_room, lemuel_flamethrower_2
D:9:      layout_loops_ring
D:10:     layout_loops_ring, lemuel_round_altar
D:11:     minmay_klotski, layout_basic, uniq_gastronok, uniq_maurice,
          uniq_josephine
Temple:   hellmonk_temple_forest_ring

Skill      XL: |  1  2  3  4  5  6  7  8  9 10 11 |
---------------+----------------------------------+-----
Fighting       | 1 3 4 5 |  5.9
Spellcasting   | 3 4 5 7 9 |  9.2
Dodging        | 3 5 |  5.1
Stealth        | 2 |  2.2
Shields        | 2 12 14 | 14.5
Armour         | 1 |  1.3

Action                     |  1- 3 |  4- 6 |  7- 9 | 10-12 || total
---------------------------+-------+-------+-------+-------++-------
  Melee: Dagger            |    28 |    26 |    51 |    24 ||   129
         Punch             |       |       |     2 |       ||     2
   Fire: Sling             |       |       |    10 |    24 ||    34
  Throw: Boomerang         |       |     4 |     7 |    19 ||    30
         Dart              |       |       |       |     6 ||     6
   Cast: Foxfire           |    26 |    17 |    22 |    69 ||   134
         Scorch            |     4 |    34 |    73 |   288 ||   399
         Volatile Blastmot |       |       |       |     7 ||     7
  Evoke: Wand              |       |     2 |     2 |     2 ||     6
    Use: Scroll            |       |       |     5 |     6 ||    11
         Potion            |       |       |     1 |     1 ||     2
   Stab: Sleeping          |     2 |     2 |     8 |     2 ||    14
         Paralysed         |       |       |       |     1 ||     1
 Armour: Robe              |     7 |     4 |    30 |       ||    41
         Steam dragon scal |       |       |       |    54 ||    54
  Dodge: Dodged            |    27 |    21 |    74 |   111 ||   233
  Block: Kite shield       |       |       |       |   244 ||   244
